 Dungeon Crawl Stone Soup version 0.21.1-1-g345015f (webtiles) character file.

131 shakethe the Chopper (level 5, -2/41 HPs)
             Began as a Formicid Abyssal Knight on Feb 7, 2018.
             Was a Believer of Lugonu.
             Slain by an ice beast (14 damage)
             ... on level 3 of the Dungeon.
             The game lasted 00:05:09 (2946 turns).

shakethe the Chopper (Formicid Abyssal Knight)      Turns: 2946, Time: 00:05:09

Health: -2/41      AC:  8    Str: 16    XL:     5   Next: 37%
Magic:  5/6        EV:  9    Int: 12    God:    Lugonu [**....]
Gold:   131        SH:  0    Dex: 11    Spells: 4/4 levels left

rFire    . . .     SeeInvis +   a - +1 hand axe
rCold    . . .     Gourm    .   (no shield)
rNeg     + . .     Faith    .   f - +0 scale mail
rPois    .         Spirit   .   (helmet unavailable)
rElec    .         Reflect  .   k - +0 cloak
rCorr    .         Harm     .   (no gloves)
MR       .....                  p - +0 pair of boots
Stlth    ..........             (no amulet)
HPRegen  0.13/turn              h - ring of positive energy
MPRegen  0.10/turn              (no ring)

@: no status effects
A: permanent stasis, dig shafts and tunnels, four strong arms, antennae 3
a: Dig, Shaft Self, Depart the Abyss, Bend Space, Renounce Religion


You were on level 3 of the Dungeon.
You worshipped Lugonu.
Lugonu was pleased with you.
You were not hungry.

You visited 1 branch of the dungeon, and saw 3 of its levels.
You visited the Abyss 1 time.

You collected 131 gold pieces.

Inventory:

Hand Weapons
 a - a +1 hand axe (weapon)
Armour
 f - a +0 scale mail (worn)
 k - a +0 cloak (worn)
 p - a +0 pair of boots (worn)
Jewellery
 h - a ring of positive energy (left hand)
Scrolls
 b - 2 scrolls of identify {unknown}
 d - a scroll of blinking {unknown}
 e - 5 scrolls of enchant weapon {unknown}
 g - 3 scrolls of remove curse {unknown}
 j - a scroll of magic mapping {unknown}
 n - a scroll of enchant armour {unknown}
Potions
 c - a potion of flight {unknown}
 l - a potion of heal wounds {unknown}
Books
 m - a book of Conjurations

   Spells                             Type                      Level
   a - Magic Dart                     Conjuration                  1
   b - Searing Ray                    Conjuration                  2
   c - Dazzling Spray                 Conjuration/Hexes            3
   d - Fulminant Prism                Conjuration/Hexes            4
   e - Force Lance                    Conjuration/Translocation    4
   f - Iskenderun's Mystic Blast      Conjuration                  4
Comestibles
 i - 5 rations


   Skills:
 - Level 3.6 Fighting
 + Level 4.6 Axes
 - Level 2.3 Armour
 - Level 1.0 Dodging
 + Level 2.6 Invocations


You had 4 spell levels left.
You didn't know any spells.

Dungeon Overview and Level Annotations

Branches:
Dungeon (3/15)

Altars:
Ashenzari


Innate Abilities, Weirdness & Mutations

You cannot be hasted, slowed, berserked, paralysed or teleported.
You can dig through walls and to a lower floor.
Your four strong arms can wield two-handed weapons with a shield.
You have a pair of large antennae on your head. (SInv)


Message History

The ice beast hits you. The ice beast freezes you!
You barely miss the ice beast.
The ice beast is moderately wounded.
The ice beast hits you but does no damage.
You hit the ice beast.
The ice beast is moderately wounded.
The ice beast barely misses you.
You hit the ice beast but do no damage.
The ice beast is moderately wounded.
The ice beast hits you but does no damage.
You barely miss the ice beast.
The ice beast is moderately wounded.
The ice beast hits you. The ice beast freezes you!
You hit the ice beast.
The ice beast is moderately wounded.
The ice beast completely misses you. The ice beast hits you.
* * * LOW HITPOINT WARNING * * *
The ice beast freezes you!
You die...

#.. #...# #...#
#... ...
##########.#
#...@Y..##.######
#.#####.##......#
#........###.#
#.##.##....#.#####
# #.##....#......
..##..###..####
#####..........#
#)......##.#
#.#####.##.#


You could see an ice beast.

Vanquished Creatures
  3 adders (D:2)
  An ooze (D:3)
  6 worms
  2 dart slugs (D:1)
  5 orcs
  2 giant cockroaches (D:1)
  9 goblins
  10 hobgoblins
  3 jackals (D:1)
  6 kobolds
  3 quokkas (D:2)
  A ball python (D:2)
  8 bats
  6 frilled lizards
  6 rats
71 creatures vanquished.

Notes
Turn   | Place    | Note
-------+----------+-------------------------------------------
     0 | Abyss:1  | shakethe the Formicid Abyssal Knight began the quest for the Orb.
     0 | Abyss:1  | Reached XP level 1. HP: 18/18 MP: 2/2
    35 | Abyss:1  | Noticed a small abomination
    36 | Abyss:1  | Found an ancient bone altar of Kikubaaqudgha.
    41 | D:1      | Escaped the Abyss
   270 | D:1      | Reached XP level 2. HP: 21/24 MP: 3/3
   316 | D:1      | Reached * piety under Lugonu
   339 | D:1      | Reached skill level 1 in Dodging
   839 | D:1      | Reached XP level 3. HP: 29/29 MP: 4/4
  1024 | D:1      | Reached skill level 3 in Axes
  1121 | D:1      | Found a shattered altar of Ashenzari.
  1490 | D:2      | Reached ** piety under Lugonu
  1490 | D:2      | Reached XP level 4. HP: 30/36 MP: 5/5
  1892 | D:2      | Reached skill level 4 in Axes
  2047 | D:2      | Reached XP level 5. HP: 28/41 MP: 6/6
  2861 | D:3      | Noticed an ice beast
  2946 | D:3      | Slain by an ice beast

Skill      XL: |  1  2  3  4 |
---------------+-------------+-----
Dodging        | 1 |  1.0
Axes           | 3 4 |  4.6
Fighting       | |  3.6
Armour         | |  2.3
Invocations    | |  2.6

Action                   |  1- 3 |  4- 6 || total
-------------------------+-------+-------++-------
Melee: Hand axe          |   114 |   153 ||   267
Invok: Depart the Abyss  |     1 |       ||     1
       Bend Space        |       |     4 ||     4
 Stab: Distracted        |       |     1 ||     1
  Eat: Ration            |     1 |       ||     1
       Chunk             |       |     3 ||     3
Armor: Leather armour    |    14 |       ||    14
       Scale mail        |    34 |    66 ||   100
Dodge: Dodged            |    66 |    64 ||   130
